 Dungeon Crawl Stone Soup version 0.29.1-2-gbd0b4ee654 (webtiles) character file.

Game seed: 7349815083168606810

11 warriortoast the Sneak (level 2, 0/13 HPs)
             Began as a Spriggan Enchanter on Nov 17, 2022.
             Slain by a ball python (1 damage)
             ... on level 1 of the Dungeon.
             The game lasted 00:02:16 (295 turns).

warriortoast the Sneak (Spriggan Enchanter)          Turns: 295, Time: 00:02:17

Health: 0/13       AC:  2    Str:  4    XL:     2   Next: 13%
Magic:  6/6        EV: 14    Int: 16    God:
Gold:   0          SH:  0    Dex: 15    Spells: 6/6 levels left

rFire   . . .      SeeInvis +   a - +1 dagger
rCold   . . .      Faith    .   (no shield)
rNeg    . . .      Spirit   .   b - +0 robe
rPois   .          Reflect  .   (helmet restricted)
rElec   .          Harm     .   (no cloak)
rCorr   .          Rampage  .   (gloves unavailable)
Will    .....                   (boots unavailable)
Stlth   +++.......              (no amulet)
HPRegen 0.04/turn               (no ring)
MPRegen 0.10/turn               (no ring)

@: constricted, very quick
A: very small, no large weapons, unfitting armour, see invisible, speed 3
a: no special abilities


You were on level 1 of the Dungeon.
You visited 1 branch of the dungeon, and saw 1 of its levels.

Inventory:

Hand Weapons
 a - a +1 dagger (weapon)
Armour
 b - a +0 robe (worn)
Jewellery
 d - a ring of resist corrosion
 e - a ring of willpower
Potions
 c - 2 potions of invisibility


   Skills:
 + Level 1.4 Short Blades
 + Level 3.0 Dodging
 + Level 4.6 Stealth
 + Level 2.9 Spellcasting
 + Level 3.8 Hexes


You had 6 spell levels left.
You didn't know any spells.
Your spell library contained the following spells:

 Spells                   Type           Power      Damage    Failure   Level
 Confusing Touch          Hex            14%        N/A       12%         3
 Tukima's Dance           Hex            14%        N/A       12%         3
 Ensorcelled Hibernation  Hex/Ice        16%        N/A       13%         2
 Dazzling Flash           Conj/Hex       16%        N/A       26%         3


Dungeon Overview and Level Annotations

Branches:
Dungeon (1/15)

Altars:


Innate Abilities, Weirdness & Mutations

You are very small and have problems with some larger weapons.
You are too small for most types of armour.
You have supernaturally acute eyesight. (SInv)
You cover ground extremely quickly. (Speed+++)


Message History

You hit the goblin.
You kill the goblin!
Found a spear.
You see here a +0 spear.
d - a ring of resist corrosion
Found a dagger.
e - a ring of willpower You open the door.
There is an open door here.
Found a ring mail.
A hobgoblin comes into view.
A ball python comes into view.
The hobgoblin shouts!
The ball python hisses angrily.
Found 6 gold pieces.
The hobgoblin closely misses you.
You hit the hobgoblin but do no damage. The hobgoblin misses you.
You hit the hobgoblin.
The hobgoblin is moderately wounded.
The hobgoblin hits you.
You hit the hobgoblin.
The hobgoblin is heavily wounded.
The hobgoblin hits you.
You are too injured to fight recklessly!
You are too injured to fight recklessly!
You are too injured to fight recklessly!
You hit the hobgoblin.
The hobgoblin is almost dead.
The hobgoblin hits you.
You hit the hobgoblin.
You kill the hobgoblin!
Your Dodging skill increases to level 3!
You barely miss the ball python. The ball python barely misses you.
The ball python grabs you. The ball python constricts you.
* * * LOW HITPOINT WARNING * * *
The ball python bites you.
* * * LOW HITPOINT WARNING * * *
The ball python constricts you.
* * * LOW HITPOINT WARNING * * *
You barely miss the ball python. The ball python bites you.
You die...

### #.### #...#
#.#.# #.#.####
#@#....# #S####.#
######### #$.....#.#
#.......# #......#.#
#.....).# #...[..#.#
#.......# #......#.#
#.......# #......#.#
#.......#
#......#.###.......#
#.#+####...'.......#


You could see a ball python.

Vanquished Creatures
  2 hobgoblins (D:1)
  4 jackals (D:1)
  2 frilled lizards (D:1)
  A goblin (D:1)
  A rat (D:1)
10 creatures vanquished.

Notes
Turn   | Place    | Note
-------+----------+-------------------------------------------
     0 | D:1      | warriortoast the Spriggan Enchanter began the quest for the
                  | Orb.
     0 | D:1      | Reached XP level 1. HP: 9/9 MP: 5/5
   211 | D:1      | Reached XP level 2. HP: 13/13 MP: 6/6
   295 | D:1      | Slain by a ball python

Illustrated notes

Levels and vault maps discovered:
D:1:      beargit_arrival_greenhouse, layout_basic,
          shapermc_ecumenical_altar_pompeii, kennysheep_minor_cross,
          minmay_misc_feat_chi

Skill      XL: |  1  2 |
---------------+-------+-----
Dodging        | 3 |  3.0
Short Blades   | |  1.4
Stealth        | |  4.6
Spellcasting   | |  2.9
Hexes          | |  3.8

Action                   || total
-------------------------++-------
Melee: Dagger            ||    48
Armor: Robe              ||     2
Dodge: Dodged            ||    43
